 Dungeon Crawl Stone Soup version 0.23.2-30-g0e89c35649 (webtiles) character file.

Game seed: 2660268176085872504

1684 eehn the Skirmisher (level 9, -6/80 HPs)
             Began as a Hill Orc Fighter on June 8, 2019.
             Mangled by an orc warrior
             ... wielding a +0 battleaxe
              (16 damage)
             ... on level 6 of the Dungeon.
             The game lasted 00:20:47 (4674 turns).

eehn the Skirmisher (Hill Orc Fighter)              Turns: 4674, Time: 00:20:48

Health: -6/80      AC: 20    Str: 22    XL:     9   Next: 2%
Magic:  9/9        EV:  5    Int:  8    God:
Gold:   307        SH: 10    Dex: 10    Spells: 8/8 levels left

rFire    . . .     SeeInvis .   E - +3 flail
rCold    . . .     Gourm    +   c - +0 shield
rNeg     . . .     Faith    .   m - +0 plate armour
rPois    .         Spirit   .   o - +0 helmet
rElec    .         Reflect  .   H - +2 cloak
rCorr    .         Harm     .   (no gloves)
MR       .....                  (no boots)
Stlth    ..........             F - amulet of the gourmand
HPRegen  0.23/turn              w - ring of wizardry
MPRegen  0.11/turn              x - +3 ring of protection

@: lethally poisoned (-6 -> -10)
A: no striking features
a: no special abilities


You were on level 6 of the Dungeon.
You were very full.

You visited 1 branch of the dungeon, and saw 6 of its levels.

You collected 307 gold pieces.

Inventory:

Hand Weapons
 a - a +0 war axe
 E - a +3 flail (weapon)
 G - a +1 mace of holy wrath
Armour
 c - a +0 shield (worn)
 h - a +0 chain mail
 l - a +0 cloak
 m - a +0 plate armour (worn)
 o - a +0 helmet (worn)
 H - a +2 cloak (worn)
Jewellery
 w - a ring of wizardry (left hand)
 x - a +3 ring of protection (right hand)
 F - an amulet of the gourmand (around neck)
Wands
 u - a wand of flame (17)
Scrolls
 e - 5 scrolls of teleportation {unknown}
 g - 4 scrolls of identify {unknown}
 k - a scroll of magic mapping {unknown}
 n - a scroll of fog {unknown}
 q - a scroll of remove curse {unknown}
 y - a scroll of enchant weapon {unknown}
 z - a scroll of enchant armour {unknown}
 B - a scroll of fear {unknown}
 D - a scroll of random uselessness {unknown}
Potions
 b - a potion of agility {unknown}
 d - a potion of might
 i - 7 potions of curing {unknown}
 j - 2 potions of berserk rage {unknown}
 p - a potion of heal wounds {unknown}
 r - 2 potions of haste {unknown}
 s - a potion of ambrosia {unknown}
 t - a potion of resistance {unknown}
 v - 2 potions of degeneration {unknown}
 A - a potion of cancellation {unknown}
 C - 3 potions of lignification {unknown}
Comestibles
 f - 14 rations


   Skills:
 + Level 7.7 Fighting
 + Level 7.6 Axes
 + Level 6.9 Armour
 + Level 6.9 Shields


You had 8 spell levels left.
You didn't know any spells.
Your spell library was empty.

Dungeon Overview and Level Annotations

Branches:
Dungeon (6/15)
 Temple: D:4-7

Altars:
Dithmenos
Kikubaaqudgha
Ru
Vehumet
Zin

Shops:
D:4 !


Message History

The orc barely misses you. You block the giant cockroach's attack.
You hit the giant cockroach but do no damage.
The worker ant bites you.
* * * LOW HITPOINT WARNING * * *
You are poisoned.
The worker ant poisons you! You block the giant cockroach's attack.
The howler monkey skeleton hits you but does no damage.
You block the giant cockroach's attack. You block the orc warrior's attack.
The worker ant bites you but does no damage.
The orc hits you but does no damage.
The giant cockroach bites you but does no damage.
You hit the giant cockroach.
The giant cockroach is moderately wounded.
You feel sick.
The howler monkey skeleton hits you but does no damage.
The giant cockroach bites you but does no damage.
The worker ant bites you but does no damage.
You block the giant cockroach's attack. The orc hits you but does no damage.
The orc warrior hits you with a +0 battleaxe!
You die...

#..# #..# #..# #(.#
##### #..# #...#
#####..###########.#.#
#....a.............#.#
#....o@o############.#
#....ssZ# #.#
#.......# #.#
#.......# #.#
.........# #.#
.........# #.#
.........# #.#
#........# #.# #.#


You could see an orc warrior, a worker ant, an orc, 2 giant cockroaches and a
howler monkey skeleton.

Vanquished Creatures
  Grinder (D:3)
  A phantom (D:4)
  A centaur (D:5)
  3 ogres
  A bullfrog (D:4)
  A scorpion (D:6)
  A crimson imp (D:5)
  A jelly (D:4)
  5 orc priests
  A hound (D:4)
  3 orc wizards
  Crazy Yiuf (D:5)
  A centaur skeleton (D:5)
  Terence (D:2)
  5 worker ants
  Natasha (twice) (D:3)
  An iguana (D:5)
  Robin (D:2)
  8 gnolls
  13 adders
  An ooze (D:4)
  An adder skeleton (D:4)
  3 worms
  2 dart slugs (D:1)
  2 leopard geckos
  16 orcs
  2 ball pythons
  8 bats
  4 giant cockroaches
  15 goblins
  9 hobgoblins
  6 jackals
  2 quokkas (D:3)
  8 frilled lizards
  16 kobolds
  A leopard gecko skeleton (D:4)
  A quokka skeleton (D:6)
  8 rats
157 creatures vanquished.

Notes
Turn   | Place    | Note
-------+----------+-------------------------------------------
     0 | D:1      | eehn the Hill Orc Fighter began the quest for the Orb.
     0 | D:1      | Reached XP level 1. HP: 19/19 MP: 1/1
    90 | D:1      | Reached XP level 2. HP: 20/27 MP: 2/2
   552 | D:1      | Reached XP level 3. HP: 33/33 MP: 3/3
   764 | D:2      | Noticed Robin
   793 | D:2      | Killed Robin
   793 | D:2      | Reached XP level 4. HP: 36/41 MP: 4/4
  1271 | D:2      | Noticed Terence
  1291 | D:2      | Killed Terence
  1353 | D:2      | Reached XP level 5. HP: 45/47 MP: 5/5
  1940 | D:3      | Reached skill level 5 in Fighting
  1948 | D:3      | Reached XP level 6. HP: 30/56 MP: 6/6
  2129 | D:3      | Noticed Grinder
  2138 | D:3      | Paralysed by Grinder for 4 turns
  2142 | D:3      | Killed Grinder
  2142 | D:3      | Reached skill level 5 in Axes
  2142 | D:3      | Reached skill level 5 in Armour
  2142 | D:3      | Reached skill level 5 in Shields
  2142 | D:3      | Reached XP level 7. HP: 54/61 MP: 7/7
  2323 | D:3      | Noticed Natasha
  2331 | D:3      | Killed Natasha
  2412 | D:3      | Noticed Natasha
  2417 | D:3      | Killed Natasha
  2489 | D:3      | Found a shadowy altar of Dithmenos.
  2501 | D:3      | Found a sacrificial altar of Ru.
  2561 | D:3      | Found a radiant altar of Vehumet.
  2581 | D:3      | Found an ancient bone altar of Kikubaaqudgha.
  2985 | D:4      | Found Jeexzue's Distillery.
  3077 | D:4      | Found a glowing silver altar of Zin.
  3221 | D:4      | Reached XP level 8. HP: 69/71 MP: 8/8
  3623 | D:5      | Entered Level 5 of the Dungeon
  4219 | D:5      | Found a runed translucent door.
  4220 | D:5      | Noticed Crazy Yiuf
  4225 | D:5      | Killed Crazy Yiuf
  4660 | D:6      | Reached XP level 9. HP: 62/79 MP: 9/9
  4674 | D:6      | Mangled by an orc warrior

Skill      XL: |  1  2  3  4  5  6  7  8 |
---------------+-------------------------+-----
Fighting       | 4 5 6 7 |  7.7
Axes           | 3 4 5 6 7 |  7.6
Shields        | 4 5 6 |  6.9
Armour         | 4 5 6 |  6.9

Action                   |  1- 3 |  4- 6 |  7- 9 || total
-------------------------+-------+-------+-------++-------
Melee: War axe           |   133 |   157 |   281 ||   571
       Flail             |       |       |    37 ||    37
  Eat: Chunk             |       |     5 |    22 ||    27
Armor: Scale mail        |    12 |       |       ||    12
       Chain mail        |    32 |       |       ||    32
       Plate armour      |    40 |   129 |   225 ||   394
Dodge: Dodged            |    27 |    22 |    65 ||   114
Block: Shield            |    74 |    83 |   188 ||   345
